 Dungeon Crawl Stone Soup version 0.19.1 (webtiles) character file.

65 empire the Conjurer (level 4, -2/21 HPs)
             Began as a Vine Stalker Conjurer on Dec 12, 2016.
             Slain by a gnoll
             ... wielding a +0 halberd
              (3 damage)
             ... on level 2 of the Dungeon.
             The game lasted 00:06:14 (2294 turns).

empire the Conjurer (Vine Stalker Conjurer)         Turns: 2294, Time: 00:06:15

Health: -2/21      AC:  2    Str: 10 (11) XL:     4   Next: 14%
Magic:  0/9        EV: 12    Int: 20 (21) God:
Gold:   122        SH:  0    Dex: 11 (14) Spells: 1 memorised, 8 levels left

rFire  . . .     SeeInvis .     a - +1 short sword (venom)
rCold  . . .     Gourm    .     f - +0 robe
rNeg   . . .     Faith    .     (no shield)
rPois  .         Spirit   +     (no helmet)
rElec  .         Reflect  .     (no cloak)
rCorr  .         Harm     .     (no gloves)
MR     .....                    (no boots)
Stlth  ++........               (no amulet)
                                (no ring)
                                (no ring)

@: brilliant, drained
A: fangs 2, regeneration 1, magic shield, antimagic bite, no device heal 3, rot
immunity
a: no special abilities


You were on level 2 of the Dungeon.
You were not hungry.

You visited 1 branch of the dungeon, and saw 2 of its levels.

You collected 122 gold pieces.

Inventory:

Hand Weapons
 a - a +1 short sword of venom (weapon)
Missiles
 g - 62 bolts
Armour
 f - a +0 robe (worn)
Scrolls
 d - 2 scrolls of identify
 m - a scroll of enchant armour {unknown}
Potions
 e - a potion of resistance
 i - 2 potions of degeneration
 k - a potion of curing
Books
 b - a book of Conjurations

   Spells                             Type                      Level
   a - Magic Dart                     Conjuration                  1
   b - Searing Ray                    Conjuration                  2
   c - Dazzling Spray                 Conjuration/Hexes            3
   d - Fulminant Prism                Conjuration/Hexes            4
   e - Iskenderun's Mystic Blast      Conjuration                  4
   f - Iskenderun's Battlesphere      Conjuration/Charms           5
Comestibles
 c - 2 bread rations
 j - 5 chunks of flesh
 n - 2 fruits


   Skills:
 - Level 1.5(1.4) Dodging
 + Level 3.8(3.6) Stealth
 + Level 3.2(3.0) Spellcasting
 + Level 4.4(4.2) Conjurations


You had 8 spell levels left.
You knew the following spells:

 Your Spells              Type           Power        Failure   Level  Hunger
a - Magic Dart            Conj           ####         1%          1    None


Dungeon Overview and Level Annotations

Branches:
Dungeon (2/15)

Altars:
Uskayaw
Yredelemnul


Innate Abilities, Weirdness & Mutations

You have extremely sharp teeth.
Your natural rate of healing is unusually fast.
When hurt, damage is shared between your health and your magic reserves.
Your bite disrupts and absorbs the magic of your enemies.
Potions and wands cannot restore your health.
You are immune to rotting.


Message History

It was a potion of brilliance.
You feel clever all of a sudden. The bat closely misses you.
The gnoll barely misses you.
The goblin shoots a stone.
The stone hits you. The stone burns you.
A gnoll comes into view. It is wielding a spear.
It was a potion of heal wounds.
That seemed strangely inert.
The bat barely misses you.
The gnoll moves out of view.
The goblin closely misses you. The gnoll closely misses you.
Casting: Magic Dart
Confirm with . or Enter, or press ? or * to list all spells.
Okay, then.
Unknown command.
You barely miss the bat. Your bite misses the bat.
The bat hits you but does no damage. The bat closely misses you.
The gnoll hits you from afar with a spear.
* * * LOW HITPOINT WARNING * * *
The goblin hits you.
* * * LOW HITPOINT WARNING * * *
The gnoll hits you from afar with a halberd.
You die...

.###...........## #....#
........##.###.# #....#
##.......#.# #..## ######
##....##.#.# ##..#####
......##...#####.....# ##
#.....##.............#.).
......##...# ##..........
##....##...# #....g......
###...#...# #..@gg......
#........###b..g.......
#.###..........l.......
#......###.........g..#
#...8..._...8.........#
#.#.....)............).
#.#.8.......8..####..##
#.#............# ..#
#.8.......8..# ..


You could see 2 gnolls, a hobgoblin, 2 goblins, a bat and a frilled lizard.

Vanquished Creatures
  An adder (D:2)
  2 worms (D:2)
  2 dart slugs (D:1)
  A leopard gecko (D:1)
  A ball python (D:1)
  A giant cockroach (D:1)
  2 goblins (D:1)
  3 hobgoblins
  4 jackals (D:2)
  A quokka (D:2)
  6 bats
  4 frilled lizards (D:1)
  7 kobolds
  10 rats
  A spectral orc (D:2)
46 creatures vanquished.

Notes
Turn   | Place    | Note
-------+----------+-------------------------------------------
     0 | D:1      | empire the Vine Stalker Conjurer began the quest for the Orb.
     0 | D:1      | Reached XP level 1. HP: 9/9 MP: 4/4
    50 | D:1      | You fall through a shaft!
   338 | D:1      | Reached XP level 2. HP: 13/13 MP: 3/6
  1253 | D:1      | Reached XP level 3. HP: 16/16 MP: 4/8
  1966 | D:2      | Found a basalt altar of Yredelemnul.
  2141 | D:2      | Gained mutation: Your natural rate of healing is unusually fast. [Vine Stalker growth]
  2141 | D:2      | Reached XP level 4. HP: 16/21 MP: 5/9
  2250 | D:2      | Found a hide-covered altar of Uskayaw.
  2294 | D:2      | HP: 1/21 [goblin (4)]
  2294 | D:2      | Slain by a gnoll

Skill      XL: |  1  2  3 |
---------------+----------+-----
Stealth        | 3 |  3.8
Spellcasting   | 3 |  3.2
Dodging        | |  1.5
Conjurations   | |  4.4

Action                   |  1- 3 |  4- 6 || total
-------------------------+-------+-------++-------
Melee: Unarmed           |     8 |       ||     8
       Bite              |     8 |     1 ||     9
       Short sword       |    22 |     8 ||    30
 Cast: Magic Dart        |    75 |    14 ||    89
  Use: Potion            |     5 |     2 ||     7
       Scroll            |     1 |       ||     1
 Stab: Sleeping          |     1 |       ||     1
  Eat: Chunk             |     5 |       ||     5
Armor: Robe              |    10 |     5 ||    15
Dodge: Dodged            |    42 |    10 ||    52
